 Dungeon Crawl Stone Soup version 0.26-a0-660-gc07710193c (webtiles) character file.

Game seed: 5600242533712274542

7473 turncount the Cleaver (level 10, 52/88 HPs)
             Began as a Deep Dwarf Fighter on Oct 6, 2020.
             Was a Follower of Makhleb.
             Quit the game on level 12 of the Dungeon on Oct 7, 2020.
             The game lasted 00:34:29 (1591 turns).

turncount the Cleaver (Deep Dwarf Fighter)          Turns: 1591, Time: 00:34:29

Health: 52/88      AC: 17    Str: 21    XL:     10   Next: 94%
Magic:  5/5        EV:  6    Int:  9    God:    Makhleb [*.....]
Gold:   72         SH: 14    Dex: 14    Spells: 9/9 levels left

rFire    + + .     SeeInvis .   a - +1 war axe
rCold    x . .     Faith    .   c - +0 kite shield
rNeg     . . .     Spirit   .   o - +0 plate armour {rF+}
rPois    .         Reflect  +   (no helmet)
rElec    .         Harm     .   h - +0 cloak
rCorr    .         Rampage  .   (no gloves)
MR       +....                  e - +1 pair of boots
Stlth    ..........             m - amulet of reflection
HPRegen  0.00/turn              d - ring of fire
MPRegen  0.09/turn              (no ring)

@: non-regenerating
A: damage resistance, heal wounds, sense surroundings 2, no regeneration
a: Heal Wounds, Renounce Religion


You were on level 12 of the Dungeon.
You worshipped Makhleb.
Makhleb was aware of your devotion.
You visited 2 branches of the dungeon, and saw 13 of its levels.

You collected 72 gold pieces.

Inventory:

Hand Weapons
 a - a +1 war axe (weapon)
 f - the +9 spear of the Unliving {holy, rElec Dex+2}
   (You found it on level 4 of the Dungeon)

   It has been blessed by the Shining One to cause great damage to the undead
   and demons.
   It affects your dexterity (+2).
   It insulates you from electricity.
Missiles
 Z - 2 throwing nets (quivered) {!f}
Armour
 c - a +0 kite shield (worn)
 e - a +1 pair of boots (worn)
 h - a +0 cloak (worn)
 o - a +0 plate armour of fire resistance (worn)
Jewellery
 d - a ring of fire (left hand)
 m - an amulet of reflection (around neck)
Wands
 b - a wand of disintegration (7)
 A - a wand of acid (5)
Scrolls
 B - a scroll of blinking {!r@r4}
 R - a scroll of identify {@r1}
 W - a scroll of remove curse {@r2}
Potions
 g - 2 potions of heal wounds {@q2}
 i - a potion of brilliance
 j - a potion of ambrosia
 k - a potion of magic
 H - a potion of haste {@q3}


   Skills:
 - Level 5.0 Fighting
 * Level 14.9 Axes
 - Level 7.4 Armour
 - Level 5.2 Dodging
 - Level 3.2 Shields


You had 9 spell levels left.
You didn't know any spells.
Your spell library was empty.

Dungeon Overview and Level Annotations

Branches:
Dungeon (12/15)            Temple (1/1) D:7
   Lair: D:8-11         Orc: D:9-12

Altars:
Cheibriados
Elyvilon
Gozag
Hepliaklqana
Kikubaaqudgha
Makhleb
Nemelex Xobeh
Okawaru
Ru
Sif Muna
Vehumet
Yredelemnul
Zin
The Shining One

Shops:
D:12 (


Innate Abilities, Weirdness & Mutations

You are resistant to damage.
You can heal yourself by infusing magical energy.
You passively map the area around you.
You do not regenerate.


Message History

Press: ? - help, Shift-Dir - straight line, f/p - boulder beetle
Aim: a boulder beetle (almost dead, covered in acid, chance to defeat MR: 48%)
The boulder beetle is blasted!
You blow up the boulder beetle!
Makhleb accepts your kill.
There is an entrance to Feutzo's Weapon Shoppe here.
Unknown command.
Unknown command.
Save game and exit?
Options error: Bad object type '%}' for autopickup. (~/.crawlrc:32) Welcome back, turncount the Deep Dwarf Fighter.
Blood and souls for Makhleb!
Press ? for a list of commands and other information.
Unknown command.
Unknown command.
Are you sure you want to abandon this character and quit the game? (Confirm with "yes".)
Okay, then.
You are a level 10 Deep Dwarf Fighter.
You are 94% of the way to level 11.
Play time: 00:34:27 (1591 turns) Are you sure you want to abandon this character and quit the game? (Confirm with "yes".)

######## * #......# ,
, #......# , *
#......# *, , ,
#......# * , , ,, , *
########.....(# * ,
.......<......####...
, ,
.............@.......
,
...............###+#.
...............# , ,
,, ,........####...#
, ,, , ........#
,#...#,,, ,, , ,,
........# #...# *
,,,* ,
,........#,,#.... ,
,, , *##., * #..... ,
,, , * , , ,, *
,#######*


There were no monsters in sight!

Vanquished Creatures
  A boulder beetle Harold Erica
  A two-headed ogre Psyche
  A centaur skeleton
  3 trolls
  A shadow
  A yak
  A wyvern
  A basilisk
  3 orc warriors
  A black bear
  2 ice beasts
  A phantom
  A sky beast
  8 ogres
  2 centaurs
  A bullfrog Blork the orc
  A scorpion
  4 howler monkeys
  A bullfrog zombie
  A bullfrog skeleton
  A jelly
  3 hounds Crazy Yiuf
  4 orc priests
  6 iguanas Ijyb
  3 worker ants
  10 orc wizards
  3 gnolls
  8 adders
  2 white imps
  4 ufetubi
  2 worms
  2 leopard geckos
  26 orcs
  3 bats
  A giant cockroach
  A goblin
  2 hobgoblins
  6 jackals
  4 quokkas
  A frilled lizard
  A quokka zombie
  2 rats
137 creatures vanquished.

Vanquished Creatures (others)
  2 fungi
  A plant
3 creatures vanquished.

Grand Total: 140 creatures vanquished

Notes
Turn   | Place    | Note
-------+----------+-------------------------------------------
     0 | D:1      | turncount the Deep Dwarf Fighter began the quest for the
                  | Orb.
     0 | D:1      | Reached XP level 1. HP: 20/20 MP: 1/1
    37 | D:1      | Reached skill level 3 in Axes
    37 | D:1      | Reached XP level 2. HP: 24/27 MP: 2/2
    51 | D:1      | Reached skill level 4 in Axes
    51 | D:1      | Reached XP level 3. HP: 33/33 MP: 3/3
    71 | D:2      | Found a white marble altar of Elyvilon.
   101 | D:2      | Found a snail-covered altar of Cheibriados.
   103 | D:2      | Found a glowing golden altar of the Shining One.
   105 | D:2      | Found a hazy altar of Hepliaklqana.
   148 | D:3      | Found a sparkling altar of Nemelex Xobeh.
   174 | D:3      | Reached XP level 4. HP: 28/40 MP: 4/4
   268 | D:4      | Noticed Ijyb
   281 | D:4      | Reached skill level 5 in Axes
   282 | D:4      | Killed Ijyb
   282 | D:4      | Reached XP level 5. HP: 46/46 MP: 5/5
   294 | D:4      | Reached skill level 6 in Axes
   307 | D:4      | Got a brightly glowing spear
   330 | D:3      | Found a basalt altar of Yredelemnul.
   381 | D:4      | Reached skill level 7 in Axes
   381 | D:4      | Reached XP level 6. HP: 43/55 MP: 5/5
   405 | D:4      | Found a runed translucent door.
   406 | D:4      | Noticed Crazy Yiuf
   414 | D:4      | Killed Crazy Yiuf
   473 | D:3      | Reached skill level 1 in Dodging
   494 | D:5      | Entered Level 5 of the Dungeon
   568 | D:5      | Noticed Blork the orc
   575 | D:5      | Killed Blork the orc
   575 | D:5      | Reached skill level 3 in Fighting
   575 | D:5      | Reached skill level 2 in Dodging
   597 | D:5      | Reached skill level 3 in Dodging
   616 | D:5      | Found a basalt altar of Yredelemnul.
   628 | D:5      | Reached XP level 7. HP: 34/62 MP: 6/6
   718 | D:6      | Reached skill level 8 in Axes
   764 | D:6      | Reached skill level 4 in Armour
   853 | D:8      | Reached skill level 5 in Armour
   854 | D:8      | Reached XP level 8. HP: 40/69 MP: 6/6
   862 | D:8      | Reached skill level 9 in Axes
   864 | D:8      | Noticed Erica
   883 | D:8      | Killed Erica
   883 | D:8      | Reached skill level 10 in Axes
   883 | D:8      | Reached skill level 5 in Dodging
   899 | D:8      | Noticed a troll
   931 | D:6      | Reached skill level 4 in Fighting
   981 | D:7      | Found a staircase to the Ecumenical Temple.
  1025 | Temple   | Entered the Ecumenical Temple
  1033 | Temple   | Became a worshipper of Makhleb the Destroyer
  1122 | D:8      | Gained mutation: You passively map the area around you.
                  | [Deep Dwarf growth]
  1122 | D:8      | Reached XP level 9. HP: 47/78 MP: 7/7
  1160 | D:8      | Reached skill level 11 in Axes
  1185 | D:8      | Killed a troll
  1192 | D:8      | Reached skill level 12 in Axes
  1223 | D:9      | Noticed Harold
  1260 | D:8      | Reached skill level 6 in Armour
  1266 | D:8      | Reached * piety under Makhleb
  1316 | D:9      | Noticed a troll
  1330 | D:9      | Killed a troll
  1330 | D:9      | Reached XP level 10. HP: 36/87 MP: 6/6
  1334 | D:10     | Entered Level 10 of the Dungeon
  1409 | D:9      | Found a sacrificial altar of Ru.
  1451 | D:9      | Killed Harold
  1451 | D:9      | Reached skill level 5 in Fighting
  1451 | D:9      | Reached skill level 13 in Axes
  1451 | D:9      | Reached skill level 7 in Armour
  1481 | D:10     | Noticed Psyche
  1486 | D:10     | Killed Psyche
  1513 | D:10     | Identified the +9 spear of the Unliving {holy, rElec Dex+2}
                  | (You found it on level 4 of the Dungeon)
  1515 | D:10     | Noticed a two-headed ogre
  1533 | D:10     | Killed a two-headed ogre
  1533 | D:10     | Reached skill level 14 in Axes
  1564 | D:12     | Found Feutzo's Weapon Shoppe.
  1564 | D:12     | Noticed a boulder beetle
  1586 | D:12     | Killed a boulder beetle
  1591 | D:12     | Quit the game

Illustrated notes

Levels and vault maps discovered:
D:1:      noname_arrival_rooms_in_the_neighbourhood, layout_loops_ring
D:2:      layout_basic, nicolae_overflow_crystal_walls, old_standard_altar,
          chequers_temple_overflow_statue_of_worship, lemuel_doored_altar,
          ashenzari_altar_1, chequers_ecumenical_altar_grove, uniq_terence
D:3:      layout_basic, nemelex_xobeh_ov_fountains_minmay,
          yredelemnul_forgotten_temple_becter
D:4:      layout_cave_pools, minmay_small_thing, uniq_crazy_yiuf_cottage,
          uniq_ijyb
D:5:      layout_basic, basic_altar, minivault_27, wad_floor_pattern_2,
          uniq_blork_the_orc
D:6:      layout_gridville, kennysheep_mini_moat
D:7:      layout_loops_ring, temple_pool_b, minmay_crystal_room,
          kennysheep_generic_room_11
D:8:      layout_rooms, marbit_many_paths, serial_bayou_pond_a, uniq_erica
D:9:      layout_rooms, nicolae_ru_the_path_less_chosen, david_lair_generic,
          uniq_harold
D:10:     layout_cave_pools, hangedman_decor_opposing, uniq_psyche
D:11:     layout_loops_ring, gammafunk_ghost_nasty_kobolds,
          minmay_misc_feat_tower, lemuel_tele_altar, uniq_nergalle
D:12:     layout_irregular_city, erik_orc_1, serial_shops, shop,
          lemuel_statue_altar
Temple:   eino_temple_lava

Skill      XL: |  1  2  3  4  5  6  7  8  9 10 |
---------------+-------------------------------+-----
Axes           | 3 4 5 7 8 10 12 14 | 14.9
Dodging        | 3 5 |  5.2
Fighting       | 3 4 5 |  5.0
Armour         | 5 6 7 |  7.4
Shields        | |  3.2

Action                   |  1- 3 |  4- 6 |  7- 9 | 10-12 || total
-------------------------+-------+-------+-------+-------++-------
Melee: War axe           |    51 |   106 |   197 |    86 ||   440
Throw: Throwing net      |       |       |       |     1 ||     1
 Abil: Heal Wounds       |     1 |     5 |     9 |     5 ||    20
Evoke: Wand              |       |       |       |     8 ||     8
  Use: Scroll            |       |     6 |     3 |     3 ||    12
       Potion            |       |       |     2 |     1 ||     3
 Stab: Held in net/web   |       |       |       |     2 ||     2
Armor: Scale mail        |    46 |   101 |    77 |       ||   224
       Plate armour      |       |       |    57 |    40 ||    97
Dodge: Dodged            |    33 |    53 |    89 |    20 ||   195
Block: Kite shield       |    38 |    88 |   178 |    86 ||   390
       Reflection        |       |       |     3 |     5 ||     8

Table legend: (Time is in decaauts)
 A = Elapsed time spent in this place.
 B = Non-inter-level travel time spent in this place.
 C = Inter-level travel time spent in this place.
 D = Time resting spent in this place.
 E = Time spent auto-exploring this place.
 F = Levels seen in this place.
 G = Mean time per level.
                   A        B        C        D        E       F      G
               +--------+--------+--------+--------+--------+-----+--------+
         Total |   1668 |   1585 |     83 |      0 |      0 |  13 |  128.3 |
       Dungeon |   1651 |   1575 |     76 |      0 |      0 |  12 |  137.6 |
        Temple |     16 |      9 |      7 |      0 |      0 |   1 |   16.0 |
               +--------+--------+--------+--------+--------+-----+--------+

Top non-repeatable levels by time:
     D:9: 233 daAuts
     D:4: 229 daAuts
     D:8: 215 daAuts
     D:5: 213 daAuts
     D:7: 209 daAuts
     D:3: 177 daAuts
     D:6: 120 daAuts
     D:2: 74 daAuts
    D:10: 68 daAuts
     D:1: 59 daAuts
    D:12: 25 daAuts
    D:11: 25 daAuts
  Temple: 16 daAuts
